NYP
SALEM-KEIZER VOLCANOES @ HILLSBORO HOPS
05/26/2045
 
TOP OF THE 1ST
Salem-Keizer Volcanoes batting - Pitching for Hillsboro Hops : LHP Afanasy Apatenko
Pitching: LHP Afanasy Apatenko
Batting: LHB Pat Aviles 0-0: Ball
1-0: Ball
2-0: Called Strike
2-1: Ball
3-1: Called Strike
3-2: Foul Ball, location: 2F
3-2: Strikes out swinging
Batting: RHB Bill Defazio 0-0: Ball
1-0: Ball
2-0: Foul Ball, location: 2F
2-1: Ground out 4-3 (Groundball, 4, EV 106.2 MPH)
Batting: LHB Jared Paige 0-0: Foul Ball, location: 2F
0-1: Called Strike
0-2: Foul Ball, location: 2F
0-2: Ball
1-2: Ball
2-2: SOLO HOME RUN (Flyball, 7LD, EV 93.8 MPH), Distance : 354 ft
Batting: RHB Mike Buchanan 0-0: SINGLE (Groundball, 6MD, EV 100.0 MPH)
Batting: RHB Jason Gregor 0-0: Foul Ball, location: 2F
0-1: Ball
1-1: Ground out 6-3 (Groundball, P, EV 88.8 MPH)
Top of the 1st over - 1 run, 2 hits, 0 errors, 1 left on base; Salem-Keizer 1 - Hillsboro 0
BOTTOM OF THE 1ST
Hillsboro Hops batting - Pitching for Salem-Keizer Volcanoes : LHP Mike del Rio
Pitching: LHP Mike del Rio
Batting: RHB Brandon Joshua 0-0: Ball
1-0: Foul Ball, location: 2F
1-1: Swinging Strike
1-2: Strikes out looking
Batting: LHB Soo-yeon Kym 0-0: Called Strike
0-1: Ball
1-1: Foul Ball, location: 2F
1-2: Ball
2-2: Ball
3-2: Strikes out looking
Batting: RHB Chad Mendoza 0-0: Ball
1-0: Ball
2-0: Ball
3-0: Base on Balls
Batting: RHB Larry Hardman 0-0: Ball
1-0: Ball
2-0: Called Strike
2-1: Foul Ball, location: 2F
2-2: DOUBLE (Line Drive, 89D, EV 100.6 MPH)
Chad Mendoza to third
Runner from 3rd tries for Home, SAFE, no throw by RF
Batting: LHB Dillon Rizzuto 0-0: Ball
1-0: Foul Ball, location: 2F
1-1: Foul Ball, location: 2F
1-2: Strikes out swinging
Bottom of the 1st over - 1 run, 1 hit, 0 errors, 1 left on base; Salem-Keizer 1 - Hillsboro 1
TOP OF THE 2ND
Salem-Keizer Volcanoes batting - Pitching for Hillsboro Hops : LHP Afanasy Apatenko
Batting: RHB Dinand Brouwer 0-0: Swinging Strike
0-1: Ground out 5-3 (Groundball, 56S, EV 86.2 MPH)
Batting: LHB John Whitman 0-0: Ball
1-0: Ball
2-0: Foul Ball, location: 2F
2-1: Foul Ball, location: 2F
2-2: DOUBLE (Line Drive, 89M, EV 108.1 MPH)
Batting: LHB Ryan Anderson 0-0: Ball
1-0: Called Strike
1-1: Ball
Passed Ball!
John Whitman to third
2-1: Fly out, F7 (Line Drive, 7, EV 98.8 MPH)
Batting: RHB John Tyra 0-0: Called Strike
0-1: Called Strike
0-2: Foul Ball, location: 2F
0-2: Ball
1-2: Foul Ball, location: 2F
1-2: SINGLE (Groundball, 6MD, EV 101.2 MPH)
John Whitman scores
Batting: LHB Pat Aviles 0-0: Ball
1-0: Swinging Strike
1-1: Fly out, F4 (Line Drive, 3, EV 69.4 MPH)
Top of the 2nd over - 1 run, 2 hits, 0 errors, 1 left on base; Salem-Keizer 2 - Hillsboro 1
BOTTOM OF THE 2ND
Hillsboro Hops batting - Pitching for Salem-Keizer Volcanoes : LHP Mike del Rio
Batting: RHB Jeremy Coffey 0-0: Fly out, F9 (Line Drive, 9D, EV 93.8 MPH)
Batting: SHB Mike Kiefer 0-0: SINGLE (Groundball, 6S, EV 64.4 MPH) (infield hit)
Batting: RHB Jeremy Adams 0-0: Ball
1-0: Ball
2-0: Foul Ball, location: 2F
2-1: Ball
3-1: Called Strike
3-2: Fielders Choice at 2nd, 6-4 (Groundball, 6, EV 88.1 MPH)
Batting: RHB Yasuo Nakata 0-0: Ball
1-0: Called Strike
1-1: Foul Ball, location: 2F
1-2: Foul Ball, location: 2F
1-2: Ball
2-2: Ball
3-2: Strikes out swinging
Bottom of the 2nd over - 0 runs, 1 hit, 0 errors, 1 left on base; Salem-Keizer 2 - Hillsboro 1
TOP OF THE 3RD
Salem-Keizer Volcanoes batting - Pitching for Hillsboro Hops : LHP Afanasy Apatenko
Batting: RHB Bill Defazio 0-0: Foul Ball, location: 2F
0-1: Foul Ball, location: 2F
0-2: Foul Ball, location: 2F
0-2: Ground out U3 (Groundball, 34, EV 101.2 MPH)
Batting: LHB Jared Paige 0-0: Called Strike
0-1: Ball
1-1: SOLO HOME RUN (Flyball, 9D, EV 105.6 MPH), Distance : 393 ft
Batting: RHB Mike Buchanan 0-0: Called Strike
0-1: Foul Ball, location: 2F
0-2: Strikes out swinging
Batting: RHB Jason Gregor 0-0: Swinging Strike
0-1: Fly out, F6 (Line Drive, 6, EV 63.1 MPH)
Top of the 3rd over - 1 run, 1 hit, 0 errors, 0 left on base; Salem-Keizer 3 - Hillsboro 1
BOTTOM OF THE 3RD
Hillsboro Hops batting - Pitching for Salem-Keizer Volcanoes : LHP Mike del Rio
Batting: RHB Brandon Joshua 0-0: Called Strike
0-1: Ball
1-1: Ball
2-1: Ball
3-1: Ground out 4-3 (Groundball, 4MS, EV 65.0 MPH)
Batting: LHB Soo-yeon Kym 0-0: Called Strike
0-1: Swinging Strike
0-2: Ball
1-2: Ball
2-2: Strikes out swinging
Batting: RHB Chad Mendoza 0-0: Called Strike
0-1: Ball
1-1: Foul Ball, location: 2F
1-2: Ball
2-2: Ball
3-2: Strikes out looking
Bottom of the 3rd over - 0 runs, 0 hits, 0 errors, 0 left on base; Salem-Keizer 3 - Hillsboro 1
TOP OF THE 4TH
Salem-Keizer Volcanoes batting - Pitching for Hillsboro Hops : LHP Afanasy Apatenko
Batting: RHB Dinand Brouwer 0-0: Foul Ball, location: 2F
0-1: Ball
1-1: Called Strike
1-2: Foul Ball, location: 2F
1-2: Ground out 6-3 (Groundball, 6, EV 85.0 MPH)
Batting: LHB John Whitman 0-0: Foul Ball, location: 2F
0-1: Called Strike
0-2: Strikes out swinging
Batting: LHB Ryan Anderson 0-0: Called Strike
0-1: Swinging Strike
0-2: Ball
1-2: Ball
2-2: Strikes out swinging
Top of the 4th over - 0 runs, 0 hits, 0 errors, 0 left on base; Salem-Keizer 3 - Hillsboro 1
BOTTOM OF THE 4TH
Hillsboro Hops batting - Pitching for Salem-Keizer Volcanoes : LHP Mike del Rio
Batting: RHB Larry Hardman 0-0: Ground out 4-3 (Groundball, 4, EV 87.5 MPH)
Batting: LHB Dillon Rizzuto 0-0: Called Strike
0-1: Swinging Strike
0-2: Strikes out swinging
Batting: RHB Jeremy Coffey 0-0: Swinging Strike
0-1: Fly out, F7 (Flyball, 78S, EV 91.9 MPH)
Bottom of the 4th over - 0 runs, 0 hits, 0 errors, 0 left on base; Salem-Keizer 3 - Hillsboro 1
TOP OF THE 5TH
Salem-Keizer Volcanoes batting - Pitching for Hillsboro Hops : LHP Afanasy Apatenko
Batting: RHB John Tyra 0-0: Ball
1-0: Foul Ball, location: 2F
1-1: Ball
2-1: Foul Ball, location: 2F
2-2: Ball
3-2: Base on Balls
Batting: LHB Pat Aviles 0-0: Called Strike
0-1: Ball
1-1: Called Strike
1-2: Strikes out swinging
Batting: RHB Bill Defazio 0-0: Called Strike
0-1: Foul Ball, location: 2F
0-2: Ball
1-2: Ball
2-2: Ball
3-2: Foul Ball, location: 2F
3-2: Base on Balls
John Tyra to second
Batting: LHB Jared Paige 0-0: Called Strike
0-1: Ball
1-1: Ball
2-1: Ball
3-1: Base on Balls
John Tyra to third
Bill Defazio to second
Batting: RHB Mike Buchanan 0-0: Called Strike
0-1: Foul Ball, location: 2F
0-2: Grounds into fielders choice 5-2 (Groundball, 56S, EV 83.1 MPH)
Bill Defazio to third
Jared Paige to second
Batting: RHB Jason Gregor 0-0: Ball
1-0: Called Strike
1-1: DOUBLE (Line Drive, 7LS, EV 106.9 MPH)
Bill Defazio scores
Jared Paige scores
Mike Buchanan to third
Runner from 3rd tries for Home, SAFE, no throw by LF
Pitching: LHP Heath Henderson
Batting: RHB Dinand Brouwer 0-0: Foul Ball, location: 2F
0-1: Foul Ball, location: 2F
0-2: Ball
1-2: SINGLE (Groundball, 4M, EV 80.0 MPH) (infield hit)
Jason Gregor to third
Batting: LHB John Whitman 0-0: Ball
1-0: Ground out 4-3 (Groundball, 34, EV 81.9 MPH)
Top of the 5th over - 3 runs, 2 hits, 0 errors, 2 left on base; Salem-Keizer 6 - Hillsboro 1
BOTTOM OF THE 5TH
Hillsboro Hops batting - Pitching for Salem-Keizer Volcanoes : LHP Mike del Rio
Batting: SHB Mike Kiefer 0-0: Called Strike
0-1: Ball
1-1: Foul Ball, location: 2F
1-2: Ball
2-2: Strikes out swinging
Batting: RHB Jeremy Adams 0-0: Called Strike
0-1: Ball
1-1: Called Strike
1-2: Ball
2-2: Ball
3-2: Fly out, F3 (Popup, 3S, EV 72.5 MPH)
Batting: RHB Yasuo Nakata 0-0: Foul Ball, location: 2F
0-1: Ball
1-1: Called Strike
1-2: Fly out, F8 (Flyball, 78D, EV 93.8 MPH)
Bottom of the 5th over - 0 runs, 0 hits, 0 errors, 0 left on base; Salem-Keizer 6 - Hillsboro 1
TOP OF THE 6TH
Salem-Keizer Volcanoes batting - Pitching for Hillsboro Hops : LHP Heath Henderson
Batting: LHB Ryan Anderson 0-0: Ball
1-0: Foul Ball, location: 2F
1-1: Foul Ball, location: 2F
1-2: Fly out, F7 (Line Drive, 7, EV 95.6 MPH)
Batting: RHB John Tyra 0-0: Ground out 5-3 (Groundball, 56, EV 105.0 MPH)
Batting: LHB Pat Aviles 0-0: Ball
1-0: Foul Ball, location: 2F
1-1: Called Strike
1-2: Ball
2-2: Fly out, F8 (Flyball, 8LM, EV 86.2 MPH)
Top of the 6th over - 0 runs, 0 hits, 0 errors, 0 left on base; Salem-Keizer 6 - Hillsboro 1
BOTTOM OF THE 6TH
Hillsboro Hops batting - Pitching for Salem-Keizer Volcanoes : LHP Mike del Rio
Pitching: RHP Vicente Burger
Batting: RHB Brandon Joshua 0-0: Foul Ball, location: 2F
0-1: Called Strike
0-2: Ball
1-2: Ball
2-2: Strikes out looking
Batting: LHB Soo-yeon Kym 0-0: Ball
1-0: Ball
2-0: Ball
3-0: Called Strike
3-1: Swinging Strike
3-2: Foul Ball, location: 2F
3-2: Base on Balls
Batting: RHB Chad Mendoza 0-0: Foul Ball, location: 2F
0-1: Swinging Strike
0-2: Ball
1-2: SINGLE (Groundball, 6MD, EV 99.4 MPH)
Soo-yeon Kym to second
Batting: RHB Larry Hardman 0-0: Ball
1-0: Ball
2-0: Called Strike
2-1: Ball
3-1: Called Strike
3-2: Foul Ball, location: 2F
3-2: Foul Ball, location: 2F
3-2: Foul Ball, location: 2F
3-2: Base on Balls
Soo-yeon Kym to third
Chad Mendoza to second
Batting: LHB Dillon Rizzuto 0-0: Swinging Strike
0-1: Foul Ball, location: 2F
0-2: Ball
Balk!
Soo-yeon Kym scores
Chad Mendoza to third
Larry Hardman to second
1-2: Fly out, F8 (Line Drive, 8LM, EV 95.0 MPH)
Runner from 3rd tags up, SCORES, throw by CF
Batting: RHB Jeremy Coffey 0-0: Foul Ball, location: 2F
0-1: Foul Ball, location: 2F
0-2: Ground out 4-3 (Groundball, 4, EV 81.2 MPH)
Bottom of the 6th over - 2 runs, 1 hit, 0 errors, 1 left on base; Salem-Keizer 6 - Hillsboro 3
TOP OF THE 7TH
Salem-Keizer Volcanoes batting - Pitching for Hillsboro Hops : LHP Heath Henderson
Pitching: RHP John Petersen
Batting: RHB Bill Defazio 0-0: Called Strike
0-1: SOLO HOME RUN (Line Drive, 7LD, EV 96.2 MPH), Distance : 362 ft
Batting: LHB Jared Paige 0-0: Called Strike
0-1: Ball
1-1: Swinging Strike
1-2: Ball
2-2: Ball
3-2: Foul Ball, location: 2F
3-2: Foul Ball, location: 2F
3-2: Foul Ball, location: 2F
3-2: Base on Balls
Batting: RHB Mike Buchanan 0-0: Ball
1-0: Foul Ball, location: 2F
1-1: Fielders Choice at 2nd, 4-6 (Groundball, 34, EV 103.1 MPH)
Batting: RHB Jason Gregor 0-0: Ball
1-0: Ball
2-0: Fly out, F8 (Flyball, 78M, EV 88.8 MPH)
Pitching: RHP Shigezo Shoji
Batting: RHB Dinand Brouwer 0-0: Ball
Mike Buchanan steals 2nd base (no throw)
1-0: Foul Ball, location: 2F
1-1: Called Strike
1-2: Foul Ball, location: 2F
1-2: Ball
2-2: Fly out, F3 (Popup, 3SF, EV 73.8 MPH)
Top of the 7th over - 1 run, 1 hit, 0 errors, 1 left on base; Salem-Keizer 7 - Hillsboro 3
BOTTOM OF THE 7TH
Hillsboro Hops batting - Pitching for Salem-Keizer Volcanoes : RHP Vicente Burger
Pitching: RHP Damian Molina
Batting: SHB Mike Kiefer 0-0: Ball
1-0: Ball
2-0: Called Strike
2-1: Ball
3-1: Foul Ball, location: 2F
3-2: Ground out 4-3 (Groundball, 4, EV 86.9 MPH)
Batting: RHB Jeremy Adams 0-0: Ball
1-0: Called Strike
1-1: Fly out, F9 (Flyball, 89S, EV 81.9 MPH)
Batting: RHB Yasuo Nakata 0-0: Called Strike
0-1: Swinging Strike
0-2: Ball
1-2: SINGLE (Groundball, 25, EV 67.5 MPH) (infield hit)
Batting: RHB Brandon Joshua 0-0: Ball
Yasuo Nakata steals 2nd base
1-0: Ball
2-0: Ball
3-0: Called Strike
3-1: Called Strike
3-2: Base on Balls
Batting: LHB Soo-yeon Kym 0-0: Called Strike
0-1: Foul Ball, location: 2F
0-2: DOUBLE (Line Drive, 78M, EV 94.4 MPH)
Yasuo Nakata scores
Brandon Joshua to third
Runner from 3rd tries for Home, SAFE, throw by LF to trailing runner, OUT at third! 7-3-5
Bottom of the 7th over - 2 runs, 2 hits, 0 errors, 0 left on base; Salem-Keizer 7 - Hillsboro 5
TOP OF THE 8TH
Salem-Keizer Volcanoes batting - Pitching for Hillsboro Hops : RHP Shigezo Shoji
Batting: LHB John Whitman 0-0: Swinging Strike
0-1: Swinging Strike
0-2: Ball
1-2: Fly out, F9 (Line Drive, 89M, EV 90.6 MPH)
Batting: LHB Ryan Anderson 0-0: Ball
1-0: Fly out, F8 (Flyball, 78S, EV 80.6 MPH)
Batting: RHB John Tyra 0-0: Called Strike
0-1: Ball
1-1: Ball
2-1: Ball
3-1: SINGLE (Line Drive, 9S, EV 91.2 MPH)
Batting: LHB Pat Aviles 0-0: Ball
1-0: Called Strike
1-1: Ball
2-1: 2-RUN HOME RUN (Flyball, 89XD, EV 115.0 MPH), Distance : 439 ft
Batting: RHB Bill Defazio 0-0: Ball
1-0: Ball
2-0: Swinging Strike
2-1: Foul Ball, location: 2F
2-2: Foul Ball, location: 2F
2-2: SINGLE (Line Drive, 9S, EV 108.1 MPH)
Batting: LHB Jared Paige 0-0: Called Strike
Bill Defazio steals 2nd base
0-1: 2-RUN HOME RUN (Flyball, 7D, EV 105.0 MPH), Distance : 412 ft
Pitching: RHP Rick Foster
Batting: RHB Mike Buchanan 0-0: Fly out, F9 (Line Drive, 9, EV 91.2 MPH)
Top of the 8th over - 4 runs, 4 hits, 0 errors, 0 left on base; Salem-Keizer 11 - Hillsboro 5
BOTTOM OF THE 8TH
Hillsboro Hops batting - Pitching for Salem-Keizer Volcanoes : RHP Damian Molina
Batting: RHB Chad Mendoza 0-0: Ball
1-0: Ball
2-0: Ball
3-0: SINGLE (Groundball, 6MD, EV 98.8 MPH)
Batting: RHB Larry Hardman 0-0: Called Strike
0-1: Called Strike
0-2: Ball
1-2: Foul Ball, location: 2F
1-2: Grounds into double play, 6-4-3 (Groundball, 6, EV 101.2 MPH)
Batting: LHB Dillon Rizzuto 0-0: Swinging Strike
0-1: Called Strike
0-2: Ball
1-2: Foul Ball, location: 2F
1-2: Strikes out swinging
Bottom of the 8th over - 0 runs, 1 hit, 0 errors, 0 left on base; Salem-Keizer 11 - Hillsboro 5
TOP OF THE 9TH
Salem-Keizer Volcanoes batting - Pitching for Hillsboro Hops : RHP Rick Foster
Batting: RHB Jason Gregor 0-0: Ball
1-0: Fly out, F6 (Popup, 6, EV 63.8 MPH)
Batting: RHB Dinand Brouwer 0-0: Called Strike
0-1: Called Strike
0-2: Foul Ball, location: 2F
0-2: Ball
1-2: Ball
2-2: Ball
3-2: Foul Ball, location: 2F
3-2: Base on Balls
Batting: LHB John Whitman 0-0: Ball
1-0: Foul Ball, location: 2F
1-1: Swinging Strike
1-2: Ball
2-2: Foul Ball, location: 2F
2-2: Strikes out swinging
Batting: LHB Ryan Anderson 0-0: Called Strike
0-1: Ball
1-1: Fly out, F8 (Flyball, 8LS, EV 66.2 MPH)
Top of the 9th over - 0 runs, 0 hits, 0 errors, 1 left on base; Salem-Keizer 11 - Hillsboro 5
BOTTOM OF THE 9TH
Hillsboro Hops batting - Pitching for Salem-Keizer Volcanoes : RHP Damian Molina
Batting: RHB Jeremy Coffey 0-0: Called Strike
0-1: Ball
1-1: Ball
2-1: Swinging Strike
2-2: Strikes out swinging
Batting: SHB Mike Kiefer 0-0: Called Strike
0-1: Called Strike
0-2: Foul Ball, location: 2F
0-2: Ball
1-2: Ball
2-2: Foul Ball, location: 2F
2-2: Foul Ball, location: 2F
2-2: Ball
3-2: Base on Balls
Pitching: RHP Corey Cauley
Batting: RHB Jeremy Adams 0-0: Called Strike
0-1: Ball
Wild Pitch!
Mike Kiefer to second
1-1: 2-RUN HOME RUN (Flyball, 7LD, EV 96.2 MPH), Distance : 355 ft
Batting: RHB Yasuo Nakata 0-0: Swinging Strike
0-1: Foul Ball, location: 2F
0-2: Ball
1-2: Ball
2-2: Strikes out swinging
Batting: RHB Brandon Joshua 0-0: Foul Ball, location: 2F
0-1: Swinging Strike
0-2: Ball
1-2: Ball
2-2: Foul Ball, location: 2F
2-2: Strikes out swinging
Bottom of the 9th over - 2 runs, 1 hit, 0 errors, 0 left on base; Salem-Keizer 11 - Hillsboro 7
Wednesday, June 22nd , 2022 - OOTP Baseball 23.4 Build 64